 Dungeon Crawl Stone Soup version 0.28.0-53-g5a82cb258f (webtiles) character file.

Game seed: 8108599489559027084

361414 Kaptain the Metallomancer (level 22, -2/150 (152) HPs)
             Began as a Gargoyle Earth Elementalist on July 11, 2022.
             Slain by a caustic shrike (12 damage)
             ... on level 3 of the Depths.
             The game lasted 03:01:17 (72219 turns).

Kaptain the Metallomancer (GrEE)                   Turns: 72219, Time: 03:01:18

HP:   -2/150 (152)  AC: 28    Str: 22 (23) XL:     22   Next: 45%
MP:   28/70         EV:  8    Int: 20      God:
Gold: 1286          SH: 15    Dex: 10      Spells: 9/55 levels left

rFire   . . .      SeeInvis +   f - staff of earth
rCold   + + .      Faith    .   i - +0 kite shield {rC+}
rNeg    + . .      Spirit   .   W - +2 chain mail "Bavupsuv" {Fly SInv}
rPois   ∞          Reflect  +   n - +2 helmet
rElec   +          Harm     .   A - scarf {rC+ rF+}
rCorr   .          Rampage  .   Z - +0 pair of gloves {Stlth+}
Will    ++++.                   s - +1 pair of boots
Stlth   ++........              z - amulet "Usapinli" {Reflect rF- MP+9 Str+8 Slay+2 SH+5}
HPRegen 0.35/turn               o - ring of Eqicud {rElec Will+++ MP+9 Int-4}
MPRegen 0.42/turn               j - ring "Juefom" {rElec MP+9 AC+4 Stlth+}

@: corroded, flying, lightly drained, unable to read
A: sickness immunity, AC +16, big wings, negative energy resistance 1,
electricity resistance, torment resistance 1, petrification resistance,
inability to read while threatened
}: 2/15 runes: serpentine, barnacled
a: no special abilities


You were on level 3 of the Depths.
You visited 8 branches of the dungeon, and saw 39 of its levels.
You visited 1 bazaar.
You also visited: Sewer and Ice Cave.

You collected 6002 gold pieces.
You spent 4716 gold pieces at shops.

Inventory:

Hand Weapons
 r - the +8 autumn katana {vorpal, manifold assault}
   (You took it off a deep elf death mage on level 3 of the Elven Halls)

   It sometimes launches melee attacks against multiple visible enemies.
 J - the +7 long sword of Blood-Lust {protect, rN+ Int+4}
   (You found it on level 9 of the Dungeon)

   It grants its wielder temporary protection when it strikes (+7 to AC).
   Int:       It affects your intelligence (+4).
   rN:        It protects you from negative energy.
 N - the +9 staff of Wucad Mu {*channel}
   (You took it off a deep elf archer on level 2 of the Elven Halls)

   It occasionally powers its wielder's spells, but with a chance of causing
   confusion or draining the wielder's intelligence.
   It becomes more likely to activate and less likely to backfire with increased
   Evocations skill.
 T - the +10 war axe of the Pit {vorpal, rPois Int+6 Stlth+}
   (You took it off a deep elf pyromancer on level 13 of the Dungeon)

   It inflicts extra damage upon your enemies.
   Int:       It affects your intelligence (+6).
   rPois:     It protects you from poison.
   Stlth:     It makes you more stealthy.
 Y - the +7 flail of Ofisadau {holy, Drain rF+++ rCorr Stlth+}
   (You took it off a tengu reaver on level 13 of the Dungeon)

   It has been blessed by the Shining One to cause great damage to the undead
   and demons.
   rF:        It renders you almost immune to fire.
   rCorr:     It protects you from acid and corrosion.
   Drain:     It drains your maximum health when unequipped.
   Stlth:     It makes you more stealthy.
Missiles
 c - 1224 stones
 q - 12 silver javelins
Armour
 i - a +0 kite shield of cold resistance (worn)
 m - a +1 crystal plate armour of cold resistance
 n - a +2 helmet (worn)
 s - a +1 pair of boots (worn)
 A - a scarf of resistance (worn)
 R - the +3 pair of seven-league boots {Rampage+∞}
   (You found it on level 4 of the Shoals)

   Its wearer moves as far as possible in that direction when moving towards
   enemies.
 W - the +2 chain mail "Bavupsuv" (worn) {Fly SInv}
   (You found it on level 5 of the Lair of Beasts)

   SInv:      It lets you see invisible.
   Fly:       It grants you flight.
 Z - a +0 pair of gloves of stealth (worn)
Magical Staves
 f - a staff of earth (weapon)
Jewellery
 b - an amulet of magic regeneration
 d - a ring of wizardry
 j - the ring "Juefom" (right hand) {rElec MP+9 AC+4 Stlth+}
   (You bought it in a shop on level 2 of the Dungeon)

   [ring of protection]

   AC:        It affects your AC (+4).
   rElec:     It insulates you from electricity.
   MP:        It affects your magic capacity (+9).
   Stlth:     It makes you more stealthy.
 o - the ring of Eqicud (left hand) {rElec Will+++ MP+9 Int-4}
   (You found it on level 10 of the Dungeon)

   [ring of magical power]

   Int:       It affects your intelligence (-4).
   rElec:     It insulates you from electricity.
   MP:        It affects your magic capacity (+9).
   Will:      It greatly increases your willpower.
 p - a +4 ring of evasion
 u - a ring of ice
 z - the amulet "Usapinli" (around neck) {Reflect rF- MP+9 Str+8 Slay+2 SH+5}
   (You took it off a centaur warrior on level 13 of the Dungeon)

   [amulet of reflection]

   It reflects blocked missile attacks.
   Str:       It affects your strength (+8).
   Slay:      It affects your accuracy & damage with ranged weapons and melee
   (+2).
   rF:        It makes you vulnerable to fire.
   MP:        It affects your magic capacity (+9).
   SH:        It affects your SH (+5).
 C - a ring of positive energy
Wands
 w - a wand of digging (1)
 y - a wand of acid (16)
 B - a wand of iceblast (18)
Scrolls
 a - 2 scrolls of silence
 k - 3 scrolls of holy word
 v - a scroll of acquirement
 x - 7 scrolls of enchant weapon
 D - 8 scrolls of teleportation
 F - 7 scrolls of immolation
 G - a scroll of enchant armour
 H - 2 scrolls of magic mapping
 M - 2 scrolls of blinking
 O - a scroll of amnesia
 X - 4 scrolls of fear
Potions
 e - 2 potions of cancellation
 g - a potion of resistance
 h - 6 potions of might
 l - 6 potions of haste
 E - 8 potions of curing
 K - 4 potions of brilliance
 Q - 11 potions of mutation
 S - a potion of ambrosia
 V - 5 potions of magic
Miscellaneous
 t - a condenser vane
 L - a lightning rod (4/4)
 P - a tin of tremorstones (2/2)
 U - a phial of floods


   Skills:
 * Level 20.0 Fighting
 + Level 14.5 Armour
 - Level 2.0 Dodging
 - Level 5.0 Stealth
 - Level 10.0 Shields
 * Level 17.3 Spellcasting
 * Level 20.1 Conjurations
 - Level 0.7 Transmutations
 * Level 22.0 Earth Magic


You had 9 spell levels left.
You knew the following spells:

 Your Spells              Type           Power      Damage    Failure   Level
a - Sandblast             Erth           100%       2d20      0%          1
b - Stone Arrow           Conj/Erth      100%       3d13      1%          3
c - Iron Shot             Conj/Erth      50%        9d10      1%          6
d - Lee's Rapid Deconstr  Erth           51%        3d25*     1%          5
e - Iskenderun's Battles  Conj           78%        2d13      1%          5
f - Orb of Destruction    Conj           39%        9d11      8%          7
g - Blink                 Tloc           34%        N/A       50%         2
h - Shatter               Erth           51%        3d39*     99%         9
i - Lehudib's Crystal Sp  Conj/Erth      50%        10d12     38%         8

Your spell library contained the following spells:

 Spells                   Type           Power      Damage    Failure   Level
 Magic Dart               Conj           100%       1d8       0%          1
 Searing Ray              Conj           100%       2d8       0%          2
 Passwall                 Tmut/Erth      63%        N/A       1%          2
 Static Discharge         Conj/Air       55%        N/A       1%          2
 Conjure Flame            Conj/Fire      55%        6-21      1%          3
 Dazzling Flash           Conj/Hex       100%       N/A       1%          3
 Animate Armour           Summ/Erth      100%       N/A       3%          4
 Leda's Liquefaction      Hex/Erth       37%        N/A       3%          4
 Petrify                  Tmut/Erth      76%        N/A       3%          4
 Hailstorm                Conj/Ice       55%        3d12      6%          4
 Iskenderun's Mystic Bla  Conj/Tloc      55%        2d12      6%          4
 Sticky Flame             Conj/Fire      55%        2d7       6%          4
 Lightning Bolt           Conj/Air       27%        1d44      16%         5
 Sting                    Tmut/Pois      72%        1d6       30%         1
 Animate Skeleton         Necr           34%        N/A       36%         1
 Apportation              Tloc           34%        N/A       36%         1
 Freeze                   Ice            68%        1d8       36%         1
 Pain                     Necr           68%        1d7       36%         1
 Summon Small Mammal      Summ           68%        N/A       36%         1
 Corpse Rot               Necr/Air       34%        N/A       50%         2
 Ensorcelled Hibernation  Hex/Ice        34%        N/A       50%         2
 Poisonous Vapours        Pois/Air       34%        N/A       50%         2
 Freezing Cloud           Conj/Ice/Air   22%        6-21      54%         5
 Conjure Ball Lightning   Conj/Air       27%        3x3d8     65%         6
 Starburst                Conj/Fire      27%        6d9       65%         6
 Spider Form              Tmut/Pois      18%        N/A       67%         3
 Ignite Poison            Fire/Tmut/Pois 18%        N/A       69%         3
 Confusing Touch          Hex            17%        N/A       73%         3
 Inner Flame              Hex/Fire       17%        N/A       73%         3
 Ozocubu's Armour         Ice            17%        N/A       73%         3
 Portal Projectile        Hex/Tloc       34%        N/A       73%         3
 Summon Guardian Golem    Hex/Summ       17%        N/A       73%         3
 Tukima's Dance           Hex            17%        N/A       73%         3
 Vampiric Draining        Necr           17%        2d7       73%         3
 Ice Form                 Ice/Tmut       18%        N/A       97%         4
 Airstrike                Air            8%         N/A       98%         4
 Anguish                  Hex/Necr       8%         N/A       98%         4
 Cause Fear               Hex            8%         N/A       98%         4
 Dispel Undead            Necr           17%        3d10      98%         4
 Olgreb's Toxic Radiance  Pois           17%        N/A       98%         4
 Passage of Golubria      Tloc           17%        N/A       98%         4
 Summon Lightning Spire   Summ/Air       17%        N/A       98%         4
 Spellforged Servitor     Conj/Summ      27%        N/A       99%         7
 Agony                    Necr           17%        N/A       100%        5
 Blade Hands              Tmut           10%        N/A       100%        5
 Excruciating Wounds      Necr           8%         N/A       100%        5
 Manifold Assault         Tloc           17%        N/A       100%        5
 Metabolic Englaciation   Hex/Ice        8%         N/A       100%        5
 Silence                  Hex/Air        8%         N/A       100%        5
 Yara's Violent Unravell  Hex/Tmut       9%         3d6       100%        5
 Death Channel            Necr           8%         N/A       100%        6
 Dispersal                Tloc           8%         N/A       100%        6
 Simulacrum               Ice/Necr       8%         N/A       100%        6
 Enfeeble                 Hex            8%         N/A       100%        7
 Haunt                    Necr/Summ      8%         N/A       100%        7
 Malign Gateway           Summ/Tloc      8%         N/A       100%        7
 Ozocubu's Refrigeration  Ice            8%         4d6       100%        7
 Storm Form               Tmut/Air       9%         N/A       100%        7
 Discord                  Hex            8%         N/A       100%        8
 Disjunction              Tloc           8%         N/A       100%        8
 Maxwell's Capacitive Co  Air            8%         ∞         100%        8
 Summon Horrible Things   Summ           8%         N/A       100%        8
 Chain Lightning          Conj/Air       27%        3d36      100%        9
 Death's Door             Necr           8%         N/A       100%        9
 Dragon's Call            Summ           8%         N/A       100%        9
 Fire Storm               Conj/Fire      27%        8d7       100%        9
 Statue Form              Tmut/Erth      Unusable   N/A       N/A         6

Dungeon Overview and Level Annotations

Branches:
Dungeon (15/15)            Temple (1/1) D:6            Lair (6/6) D:11
 Shoals (4/4) Lair:3        Snake (4/4) Lair:3        Slime (0/5) Lair:6
    Orc (2/2) D:9             Elf (3/3) Orc:2        Vaults (0/5) D:13
 Depths (4/4) D:15          Sewer (visited)           IceCv (visited)
    Zot: Depths:4

Altars:
Ashenzari
Cheibriados
Dithmenos
Elyvilon
Fedhas
Gozag
Hepliaklqana
Kikubaaqudgha
Makhleb
Nemelex Xobeh
Okawaru
Qazlal
Ru
Sif Muna
Trog
Uskayaw
Vehumet
Wu Jian
Xom
Yredelemnul
Zin
The Shining One
Beogh

Shops:
D:2 =   D:7 :   D:9 *   D:15 *   Orc:1 !   Orc:2 :(!([   Shoals:1 (   Snake:1 [
Snake:2 (===:   Snake:4 !   Depths:2 =(==*   Depths:4 :

Portals:
Hell: Depths:1 Depths:2 Depths:3
Abyss: Depths:1 Depths:3
Pandemonium: Depths:2
Ziggurat: Depths:1


Innate Abilities, Weirdness & Mutations

You are immune to sickness and miasma.
Your stone body is resilient. (AC +16)
You are immune to poison.
Your large and strong wings let you fly.
You resist negative energy. (rN+)
You are resistant to electric shocks. (rElec)
You are resistant to unholy torment.
You are immune to petrification.
You sometimes lose the ability to read scrolls when taking damage.


Message History

You block the caustic shrike's attack.
The caustic shrike claws you but does no damage.
The caustic shrike claws you.
You are splashed with acid!
* * * LOW HITPOINT WARNING * * *
You feel much better.
You block the caustic shrike's attack. x2
The caustic shrike claws you.
You are splashed with acid!
The caustic shrike barely misses you. The caustic shrike claws you!
The acid corrodes you!
You are splashed with acid!
* * * LOW HITPOINT WARNING * * *
Okay, then.
The caustic shrike claws you but does no damage.
The caustic shrike claws you but does no damage. x2
You block the caustic shrike's attack.
The caustic shrike claws you but does no damage.
The caustic shrike completely misses you.
You block the caustic shrike's attack.
You see here 17 sling bullets.
The caustic shrike misses you.
There is a stone staircase leading up here.
The caustic shrike claws you but does no damage.
The caustic shrike barely misses you. The caustic shrike claws you.
* * * LOW HITPOINT WARNING * * *
The acid corrodes you!
You are splashed with acid!
* * * LOW HITPOINT WARNING * * *
The caustic shrike claws you but does no damage. x2
You fly upwards.
Your battlesphere wavers and loses cohesion.
Your magical contamination has completely faded away.
There is a stone staircase leading down here.
You feel better. The caustic shrike claws you.
* * * LOW HITPOINT WARNING * * *
You are splashed with acid!
* * * LOW HITPOINT WARNING * * *
You block the caustic shrike's attack. The caustic shrike claws you!
* * * LOW HITPOINT WARNING * * *
You are splashed with acid!
* * * LOW HITPOINT WARNING * * *
The caustic shrike claws you but does no damage.
The caustic shrike claws you!
You die...

......'...#...#...........#
..#####'#'#...#####...##.##
..#...#...........#...#...#
#.#.<.#.#[..#...#[#.∩.#.#.#
..#...#...........#...#...#
###...##'##...#########...#####
..........#...#...#...........##
∩...≈...≈...#.#.bb#.....≈......#
..........#...#.@.#...........##
###...######.##b..#####...#.#'#
..#...# ##...........#.......#
≈.....# #..≈.......≈.#...#...#
..#...# ##...........#...'...#
####### #####...#########)..###
#...'...#..........
#...#.#.#.#...#....
#.......#..........


You could see 3 caustic shrikes.

Vanquished Creatures
  2 juggernauts
  Bai Suzhen (Shoals:2)
  A bone dragon (Depths:4)
  3 tentacled monstrosities
  A lich (Depths:3)
  3 deep elf blademasters
  A quicksilver dragon (Depths:3)
  Polyphemus (Shoals:2)
  A deep elf master archer (Elf:3)
  A walking divine tome (Depths:2)
  The ghost of Revguard the Apostate, an adept HOFi of Beogh (Shoals:4)
  4 sphinxes
  2 krakens
  Kirke (D:13)
  A shadow dragon (Depths:4)
  6 tengu reavers
  A nagaraja (Snake:4)
  2 storm dragons (D:13)
  A fenstrider witch (shapeshifter) (Depths:3)
  An azure jelly (IceCv)
  A fire giant (Depths:2)
  A ghost moth (Depths:2)
  An iron dragon (shapeshifter) (Depths:3)
  9 deep elf sorcerers
  A balrug (Depths:2)
  5 frost giants
  An orc warlord (Orc:1)
  2 iron dragons (Depths:3)
  3 deep elf elementalists
  4 stone giants
  3 war gargoyles (Depths:3)
  10 very ugly things
  2 spriggan defenders (Depths:2)
  2 quicksilver oozes (IceCv)
  2 vampire knights
  3 spark wasps (Depths:3)
  6 deep elf annihilators
  A lorocyproca (Depths:3)
  A white draconian (Depths:4)
  7 deep elf demonologists
  5 ettins
  2 merfolk javelineers (Shoals:4)
  9 deep elf death magi
  A crystal guardian (Depths:3)
  3 deep elf high priests (Elf:3)
  A yaktaur captain (D:13)
  2 fire dragons
  Fannar (D:12)
  A great orb of eyes (shapeshifter) (Depths:3)
  2 great orbs of eyes
  7 merfolk impalers
  5 rakshasas
  3 ice dragons
  9 naga warriors
  8 boulder beetles
  6 spriggan air magi
  4 catoblepae
  5 hydras
  5 anacondas
  4 merfolk avatars
  8 salamander tyrants
  2 death knights
  6 centaur warriors
  2 merfolk aquamancers
  7 two-headed ogres
  Erica (D:9)
  5 satyrs
  33 dancing weapons
  An alligator (shapeshifter) (Depths:3)
  2 alligator snapping turtles
  A catoblepas (shapeshifter) (Depths:3)
  2 tengu warriors (D:15)
  3 deep troll shamans
  2 orc high priests (Orc:2)
  4 death yaks (Shoals:2)
  10 deep troll earth magi
  20 deep elf knights
  A spriggan berserker (Depths:1)
  Urug (Lair:6)
  11 hell knights
  6 naga sharpshooters
  3 shock serpents
  A sun demon (Depths:2)
  3 sixfirhies
  5 iron trolls
  5 skeletal warriors
  4 salamander mystics
  6 anaconda zombies (Snake:4)
  5 spectral anacondas (Snake:4)
  6 deep trolls
  2 naga ritualists
  14 sea snakes
  An orange crystal statue (Depths:1)
  3 anaconda skeletons (Snake:4)
  6 necromancers
  2 wizards
  7 orc knights
  22 deep elf archers
  A phantasmal warrior (D:13)
  30 ugly things
  23 harpies
  5 mana vipers
  42 deep elf pyromancers
  31 deep elf zephyrmancers
  A wolf spider (Lair:5)
  23 fauns
  24 manticores
  4 orc sorcerers
  20 cyclopes
  A fire giant zombie (Depths:1)
  12 salamanders
  8 merfolk sirens
  10 elephants
  4 molten gargoyles (Elf:2)
  A rust devil (Depths:2)
  4 guardian serpents
  15 naga magi
  Joseph (D:7)
  8 water nymphs
  28 black mambas
  An iron dragon skeleton (Depths:1)
  An eye of devastation (Lair:6)
  A smoke demon (Depths:2)
  A torpor snail (Lair:5)
  An eye of devastation (shapeshifter) (D:7)
  An ice statue (IceCv)
  A gargoyle (D:14)
  A cane toad (shapeshifter) (D:13)
  6 cane toads
  A kobold demonologist (D:11)
  A komodo dragon (shapeshifter) (D:15)
  7 rime drakes
  10 komodo dragons
  3 unseen horrors
  4 anaconda simulacra (Snake:4)
  5 tengu conjurers
  4 entropy weaver simulacra (IceCv)
  5 freezing wraiths
  22 merfolk
  A polar bear (shapeshifter) (Elf:3)
  14 trolls
  5 polar bears
  15 snapping turtles
  Grinder (D:3)
  20 blink frogs
  12 dream sheep
  9 slime creatures
  11 wind drakes
  4 raiju (D:12)
  4 hornets
  A spriggan zombie (Depths:1)
  An air elemental (Elf:2)
  11 water elementals
  A shadow (D:9)
  12 spriggans (Lair:6)
  A vampire (D:13)
  59 yaks
  A ynoxinul (Depths:2)
  6 wyverns
  Eustachio (D:5)
  3 wraiths
  11 basilisks
  4 hogs (D:13)
  A neqoxec (Depths:2)
  A steam dragon (D:6)
  A redback (shapeshifter) (D:13)
  A chaos spawn (Depths:2)
  4 wargs
  An acid dragon (D:12)
  9 vampire mosquitoes
  28 nagas
  18 water moccasins
  5 demonic crawler simulacra (IceCv)
  A floating eye (Lair:6)
  33 orc warriors
  An ice beast (D:6)
  5 sky beasts
  2 necrophages
  6 black bears
  4 ogres
  7 boggarts
  17 centaurs
  42 wolves
  A phantom (D:4)
  5 kobold brigands
  11 bullfrogs
  6 scorpions
  3 glowing shapeshifter simulacra
  11 earth elementals
  2 killer bees (D:10)
  6 electric eels
  12 howler monkeys
  4 centaur zombies
  A hound (D:5)
  2 jellies
  16 orc priests
  2 bullfrog zombies
  A centaur skeleton (D:7)
  An iguana (D:6)
  27 orc wizards
  A hell rat (Sewer)
  A scorpion zombie (D:5)
  2 centaur simulacra
  2 hound skeletons
  2 howler monkey zombies
  11 adders
  3 river rats (Sewer)
  4 white imps
  A howler monkey simulacrum (D:9)
  4 ufetubi (D:6)
  2 worms
  5 dart slugs
  95 orcs
  9 ball pythons
  5 bats
  5 endoplasms
  5 giant cockroaches
  9 hobgoblins
  10 quokkas
  4 frilled lizards
  5 goblins
  27 kobolds
  9 rats
  5 tentacles
1510 creatures vanquished.

Vanquished Creatures (others)
  A wizard (D:15)
  A deep elf zephyrmancer (Elf:2)
  A deep elf pyromancer (D:9)
  2 humans (D:13)
  2 orc wizards
  An adder (D:6)
  50 fungi
  309 plants
  17 tentacles
384 creatures vanquished.

Grand Total: 1894 creatures vanquished

Notes
Turn   | Place    | Note
-------+----------+-------------------------------------------
     0 | D:1      | Kaptain the Gargoyle Earth Elementalist began the quest for
                  | the Orb.
     0 | D:1      | Reached XP level 1. HP: 10/10 MP: 3/3
   358 | D:1      | Reached XP level 2. HP: 14/16 MP: 0/5
   774 | D:1      | Reached skill level 1 in Fighting
   961 | D:1      | Reached skill level 4 in Earth Magic
   963 | D:1      | Reached XP level 3. HP: 19/20 MP: 2/6
   968 | D:1      | Learned a level 3 spell: Stone Arrow
  1203 | D:1      | Found a faded altar of an unknown god.
  1864 | D:2      | Reached skill level 1 in Conjurations
  1905 | D:2      | Found Yrarot's One-of-a-Kind Rings.
  2449 | D:2      | Reached skill level 1 in Armour
  2449 | D:2      | Reached XP level 4. HP: 25/25 MP: 4/7
  2798 | D:3      | Found a bloodstained altar of Trog.
  2942 | D:3      | Noticed Grinder
  2955 | D:3      | Killed Grinder
  2956 | D:3      | Reached XP level 5. HP: 13/31 MP: 1/9
  2956 | D:3      | Reached XP level 6. HP: 15/36 MP: 1/10
  3325 | D:3      | Identified the +4 battleaxe of Kesko {chaos, Str+4}
  3830 | D:4      | Noticed a black bear
  3837 | D:4      | Killed a black bear
  3838 | D:4      | Reached skill level 5 in Earth Magic
  3958 | D:4      | Reached XP level 7. HP: 40/40 MP: 3/11
  4911 | D:5      | Entered Level 5 of the Dungeon
  5082 | D:5      | Reached XP level 8. HP: 48/48 MP: 13/13
  5109 | D:5      | Reached skill level 5 in Stealth
  5109 | D:5      | Reached skill level 6 in Earth Magic
  5321 | D:5      | Found a glowing drain.
  5330 | D:5      | Noticed Eustachio
  5334 | Sewer    | Entered a sewer
  5524 | D:5      | Killed Eustachio
  6055 | D:6      | Identified a scroll of acquirement
  6237 | D:6      | Reached skill level 5 in Fighting
  6240 | D:6      | Reached skill level 5 in Conjurations
  6240 | D:6      | Reached skill level 7 in Earth Magic
  6245 | D:6      | Reached XP level 9. HP: 46/54 MP: 0/16
  6267 | D:6      | Reached skill level 5 in Spellcasting
  6557 | D:6      | Found a staircase to the Ecumenical Temple.
  6563 | Temple   | Entered the Ecumenical Temple
  7641 | D:7      | Found Zamiypn's Book Boutique.
  7950 | D:7      | Reached skill level 8 in Earth Magic
  8410 | D:7      | Noticed a cyclops
  8415 | D:7      | Killed a cyclops
  8416 | D:7      | Reached XP level 10. HP: 61/61 MP: 5/19
  8757 | D:7      | Noticed a glowing shapeshifter
  8757 | D:7      | a basilisk changed into a glowing shapeshifter
  8757 | D:7      | Noticed a shock serpent
  8757 | D:7      | a glowing shapeshifter changed into a shock serpent
  8759 | D:7      | Noticed a steelbarb worm
  8759 | D:7      | a shock serpent changed into a steelbarb worm
  9450 | D:7      | Noticed Joseph
  9526 | D:7      | Killed Joseph
  9527 | D:7      | Reached skill level 5 in Armour
  9527 | D:7      | Reached skill level 9 in Earth Magic
 11516 | D:9      | Noticed a two-headed ogre
 11521 | D:9      | Killed a two-headed ogre
 11522 | D:9      | Reached skill level 1 in Shields
 11618 | D:9      | Identified the +7 long sword of Blood-Lust {protect, rN+
                  | Int+4}
 11628 | D:9      | Noticed a manticore
 11635 | D:9      | Killed a manticore
 11636 | D:9      | Reached XP level 11. HP: 68/68 MP: 8/21
 11924 | D:9      | Identified the +10 hand axe "Caez Gitep" {distort, Will+}
 11971 | D:9      | Noticed a deep elf pyromancer
 11979 | D:9      | Noticed a cyclops
 11991 | D:9      | Killed a deep elf pyromancer
 12005 | D:9      | Reached skill level 10 in Earth Magic
 12123 | D:9      | Found Woanajy's Fire Supplies.
 12127 | D:9      | Noticed Erica
 12132 | D:9      | Killed Erica
 12229 | D:9      | Found a staircase to the Orcish Mines.
 12361 | D:9      | Noticed a cyclops
 12367 | D:9      | Killed a cyclops
 12449 | D:9      | Noticed a wizard
 12452 | D:9      | Killed a wizard
 12464 | D:9      | Killed a cyclops
 12904 | D:10     | Entered Level 10 of the Dungeon
 12962 | D:10     | Noticed a two-headed ogre
 12966 | D:10     | Killed a two-headed ogre
 12998 | D:10     | Noticed a two-headed ogre
 13005 | D:10     | Killed a two-headed ogre
 13297 | D:10     | Reached skill level 11 in Earth Magic
 13345 | D:10     | Noticed a boulder beetle
 13353 | D:10     | Reached XP level 12. HP: 69/76 MP: 11/24
 13355 | D:10     | Killed a boulder beetle
 13409 | D:10     | Noticed a death knight
 13420 | D:10     | Killed a death knight
 13621 | D:10     | Identified the ring of Eqicud {rElec Will+++ MP+9 Int-4}
 13639 | D:10     | Noticed a deep troll earth mage
 13669 | D:10     | Killed a deep troll earth mage
 13869 | D:10     | Noticed a two-headed ogre
 13873 | D:10     | Killed a two-headed ogre
 14637 | D:11     | Reached skill level 10 in Fighting
 14779 | D:10     | Reached skill level 10 in Conjurations
 14869 | Orc:1    | Entered Level 1 of the Orcish Mines
 15054 | Orc:1    | Found Zabur's Distillery.
 15068 | Orc:1    | Bought a potion of mutation for 136 gold pieces
 15217 | Orc:2    | Entered Level 2 of the Orcish Mines
 15217 | Orc:2    | Found a staircase to the Elven Halls.
 16098 | Orc:2    | Found Ywairyeg's Weapon Shoppe.
 16172 | Orc:2    | Reached skill level 12 in Earth Magic
 16229 | Orc:2    | Found Wihef's Book Emporium.
 16236 | Orc:2    | Bought a book of Power for 546 gold pieces
 16243 | Orc:2    | Learned a level 6 spell: Iron Shot
 16422 | D:7      | Noticed a two-headed ogre
 16422 | D:7      | a two-headed ogre changed into a wolf spider
 16520 | D:2      | Acquired 857 gold pieces
 16522 | D:2      | Bought the ring "Juefom" {rElec MP+9 AC+4 Stlth+} for 717
                  | gold pieces
 16783 | Orc:2    | Learned a level 5 spell: Iskenderun's Battlesphere
 16997 | Orc:2    | Reached skill level 5 in Shields
 17242 | Orc:2    | Reached XP level 13. HP: 83/83 MP: 26/26
 17465 | Orc:2    | Found Ididene's Distillery.
 17605 | Orc:2    | Noticed an orc warlord
 18169 | D:11     | Found a staircase to the Lair.
 18948 | Lair:1   | Entered Level 1 of the Lair of Beasts
 19434 | Lair:1   | Reached skill level 13 in Earth Magic
 20160 | Lair:2   | Reached skill level 10 in Spellcasting
 20930 | Lair:3   | Identified the +5 mace of Lananwon {pain, Contam rPois
                  | Will+ Stlth+}
 20979 | Lair:3   | Found a staircase to the Shoals.
 21462 | Lair:3   | Found a staircase to the Snake Pit.
 21513 | Lair:3   | Gained mutation: Your large and strong wings let you fly.
                  | [Gargoyle growth]
 21513 | Lair:3   | Reached XP level 14. HP: 91/91 MP: 28/28
 22827 | Lair:4   | Got the Grimoire of Air and Sinister Secrets
 23035 | Lair:4   | Reached skill level 14 in Earth Magic
 23622 | Lair:5   | You are sucked into a shaft and drop 1 floor!
 23622 | Lair:6   | Entered Level 6 of the Lair of Beasts
 23622 | Lair:6   | Found a frozen archway.
 23778 | IceCv    | Entered an ice cave
 23793 | IceCv    | Noticed a quicksilver ooze
 23797 | IceCv    | Killed a quicksilver ooze
 23852 | IceCv    | Got the Compendium of the Snowflakes
 24261 | IceCv    | Found a viscous altar of Jiyva.
 24261 | IceCv    | Noticed an azure jelly
 24283 | IceCv    | Noticed a quicksilver ooze
 24284 | IceCv    | Killed an azure jelly
 24289 | IceCv    | Killed a quicksilver ooze
 24305 | IceCv    | Identified the amulet "Dure Namouph" {Spirit rN+}
 24492 | Lair:5   | Found a snail-covered altar of Cheibriados.
 25259 | Lair:5   | Identified the +2 chain mail "Bavupsuv" {Fly SInv}
 25525 | Lair:6   | Reached XP level 15. HP: 98/98 MP: 30/30
 25845 | Lair:6   | Found a staircase to the Slime Pits.
 26291 | Lair:6   | Reached skill level 15 in Earth Magic
 26825 | Lair:6   | Noticed Urug
 26834 | Lair:6   | Killed Urug
 27829 | D:12     | Identified the +3 demon trident of the Gnat {elec, rF-
                  | Str+2 Stlth+}
 28207 | D:12     | Noticed Fannar
 28225 | D:12     | Killed Fannar
 28587 | Orc:1    | Killed an orc warlord
 29039 | Orc:2    | Reached skill level 10 in Armour
 29154 | Orc:2    | Found Jeigy's Antique Weapon Shoppe.
 29169 | Orc:2    | Found Yjowiane's Antique Armour Emporium.
 29183 | Orc:2    | Bought a pair of glowing gloves for 165 gold pieces
 29597 | D:13     | You are sucked into a shaft and drop 2 floors!
 29597 | D:15     | Entered Level 15 of the Dungeon
 29938 | D:14     | Reached XP level 16. HP: 106/106 MP: 31/32
 30595 | D:15     | Found Katwiche's CLEARANCE SALE!.
 30738 | D:15     | Reached skill level 16 in Earth Magic
 31135 | D:15     | Found a staircase to the Depths.
 31789 | D:13     | Noticed Kirke
 31795 | D:13     | Killed Kirke
 31955 | D:13     | Identified the amulet "Usapinli" {Reflect rF- MP+9 Str+8
                  | Slay+2 SH+5}
 32316 | D:13     | Identified the +10 war axe of the Pit {vorpal, rPois Int+6
                  | Stlth+}
 32319 | D:13     | Identified the -4 cloak of the Invisible Hand {SInv}
 32376 | D:13     | Identified the +7 flail of Ofisadau {holy, Drain rF+++
                  | rCorr Stlth+}
 32376 | D:13     | Noticed a tengu reaver
 32390 | D:13     | Killed a tengu reaver
 32776 | D:13     | Noticed a storm dragon
 32791 | D:13     | Killed a storm dragon
 34155 | D:13     | Found a gate to the Vaults.
 34712 | D:13     | Noticed a storm dragon
 34716 | D:13     | Killed a storm dragon
 36315 | Elf:1    | Entered Level 1 of the Elven Halls
 36410 | Elf:1    | Reached skill level 15 in Conjurations
 36414 | Elf:1    | Got the Catalogue of Summoning
 36454 | Elf:1    | Reached skill level 15 in Fighting
 36572 | Elf:1    | Found a radiant altar of Vehumet.
 36827 | Elf:1    | Reached XP level 17. HP: 113/113 MP: 34/34
 37324 | Elf:1    | Reached skill level 17 in Earth Magic
 37423 | Elf:1    | Got the Guide on the Hurtful Birds
 39543 | Elf:2    | Found a runed translucent gate.
 39544 | Elf:2    | Found a runed translucent gate.
 39544 | Elf:2    | Found a runed translucent gate.
 39984 | Elf:2    | Paralysed by an air elemental for 1 turns
 40881 | Elf:2    | Noticed a deep elf blademaster
 40896 | Elf:2    | Killed a deep elf blademaster
 41249 | Elf:2    | Reached XP level 18. HP: 120/120 MP: 35/35
 42136 | Elf:2    | Reached skill level 18 in Earth Magic
 42255 | Elf:3    | Entered Level 3 of the Elven Halls
 43258 | Elf:3    | Found a radiant altar of Vehumet.
 43479 | Elf:3    | Noticed an Ice Fiend
 43500 | Elf:3    | HP: 6/120 [deep elf sorcerer/bolt of acid (27)]
 44386 | Elf:3    | Noticed a Brimstone Fiend
 44646 | Elf:3    | Identified the +0 rapier of Valiance {venom, rC+ Dex+2}
 44646 | Elf:3    | Noticed a deep elf master archer
 44696 | Elf:3    | Killed a deep elf master archer
 44850 | Elf:3    | Killed a ghostly deep elf master archer
 45043 | Elf:3    | Noticed a deep elf blademaster
 45069 | Elf:3    | Killed a deep elf blademaster
 45260 | Elf:3    | Noticed an Ice Fiend
 46031 | Elf:3    | Identified the +2 chain mail of Daisies {+Blink rF+ rN+
                  | Str+2}
 46035 | Elf:3    | Identified the +5 hand crossbow of Disintegration {vorpal,
                  | rElec rPois Str-3 SInv}
 46099 | Elf:3    | Learned a level 5 spell: Lee's Rapid Deconstruction
 46105 | Elf:3    | Learned a level 5 spell: Iskenderun's Battlesphere
 46118 | Elf:3    | Got Teharosame's Disquisition on Ashen Ice
 46119 | Elf:3    | Identified the +3 plate armour "Dumib" {Drain rN++ Stlth+}
 46589 | Shoals:1 | Entered Level 1 of the Shoals
 47088 | Shoals:1 | Reached XP level 19. HP: 102/127 MP: 34/37
 47183 | Shoals:1 | Identified the +7 war axe "Mikigeukk" {drain, rElec rCorr}
 47285 | Shoals:1 | Reached skill level 10 in Shields
 47401 | Shoals:1 | Found Erot's Weapon Boutique.
 48812 | Shoals:2 | Noticed Polyphemus
 48814 | Shoals:2 | Reached skill level 19 in Earth Magic
 48842 | Shoals:2 | Killed Polyphemus
 50372 | Shoals:3 | Noticed Bai Suzhen
 50731 | Shoals:2 | Killed Bai Suzhen
 50732 | Shoals:2 | Reached skill level 15 in Spellcasting
 52596 | Shoals:4 | Entered Level 4 of the Shoals
 53166 | Shoals:4 | Found the +3 pair of seven-league boots {Rampage+∞}
 53988 | Shoals:4 | Reached XP level 20. HP: 71/136 MP: 1/39
 55538 | Shoals:4 | Found a large runed translucent door.
 55538 | Shoals:4 | Found a large runed translucent door.
 55576 | Shoals:4 | Noticed Revguard's ghost (adept HOFi)
 55586 | Shoals:4 | Killed Revguard's ghost
 55600 | Shoals:4 | Learned a level 7 spell: Orb of Destruction
 55603 | Shoals:4 | Learned a level 2 spell: Blink
 55613 | Shoals:4 | Learned a level 9 spell: Shatter
 55704 | Shoals:4 | Got a barnacled rune of Zot
 56190 | Snake:1  | Entered Level 1 of the Snake Pit
 56332 | Snake:1  | Reached skill level 20 in Earth Magic
 56640 | Snake:1  | Found Calosiry's Antique Armour Shop.
 56648 | Snake:1  | Bought a runed helmet for 225 gold pieces
 57378 | Snake:2  | Found Uphumip's Jewellery Boutique.
 57378 | Snake:2  | Found a hazy altar of Hepliaklqana.
 57649 | Snake:2  | Found Awkeyb's Jewellery Shoppe.
 57654 | Snake:2  | Found Zuxos's Book Shop.
 57655 | Snake:2  | Found Goujuoq's Jewellery Shoppe.
 57663 | Snake:2  | Bought a book of Annihilations for 960 gold pieces
 58081 | Snake:2  | Found Tase's Weapon Shoppe.
 58085 | Snake:2  | You are sucked into a shaft and drop 1 floor!
 59848 | Snake:4  | Entered Level 4 of the Snake Pit
 62234 | Snake:4  | Got a serpentine rune of Zot
 62512 | Snake:4  | Reached XP level 21. HP: 141/142 MP: 41/41
 62695 | Snake:4  | Found Zirywn's Distillery.
 62733 | Snake:4  | Bought a potion of heal wounds for 60 gold pieces
 62733 | Snake:4  | Bought a potion of haste for 120 gold pieces
 62733 | Snake:4  | Bought a potion of curing for 36 gold pieces
 62733 | Snake:4  | Bought a potion of curing for 36 gold pieces
 62733 | Snake:4  | Bought a potion of haste for 120 gold pieces
 63058 | Orc:1    | Bought a potion of curing for 51 gold pieces
 63058 | Orc:1    | Bought a potion of curing for 51 gold pieces
 63058 | Orc:1    | Bought a potion of heal wounds for 85 gold pieces
 63103 | Orc:2    | Bought a potion of magic for 128 gold pieces
 63103 | Orc:2    | Bought a potion of mutation for 128 gold pieces
 63103 | Orc:2    | Bought a potion of mutation for 128 gold pieces
 63103 | Orc:2    | Bought a potion of heal wounds for 80 gold pieces
 63103 | Orc:2    | Bought a potion of haste for 160 gold pieces
 63103 | Orc:2    | Bought a potion of haste for 160 gold pieces
 63103 | Orc:2    | Bought a potion of curing for 48 gold pieces
 63354 | Depths:1 | Entered Level 1 of the Depths
 63369 | Depths:1 | Found a shimmering altar of Xom.
 63389 | Depths:1 | Found a one-way gate to the infinite horrors of the Abyss.
 63399 | Depths:1 | Identified the ring "Xiwk" {*Slow rC- Str+6 Int+7 Dex+4}
 63410 | Depths:1 | Found a one-way gateway to a ziggurat.
 63426 | Depths:1 | Found a flickering gateway to a bazaar.
 63437 | Bazaar   | Entered a bazaar
 63437 | Bazaar   | Found Zohesuma's Antique Weapon Shoppe.
 63437 | Bazaar   | Found Qeunibb's Jewellery Emporium.
 63440 | Bazaar   | Found Gacravon's Antique Armour Emporium.
 63456 | Bazaar   | Found Ralleudgh's Book Shoppe.
 63498 | Bazaar   | Bought a book of Armaments for 576 gold pieces
 63507 | Bazaar   | Learned a level 8 spell: Lehudib's Crystal Spear
 63530 | Depths:1 | Found a gateway to Hell.
 65319 | Depths:1 | Reached skill level 21 in Earth Magic
 65983 | Depths:1 | Got Hanwev's Incunabulum of Evil Snow
 66183 | Depths:2 | Found Nanacsum's Assorted Antiques.
 66539 | Depths:2 | Found Wit Wanung's Antique Weapon Shop.
 66557 | Depths:2 | Found an ornate altar of the Wu Jian Council.
 66635 | Depths:2 | Found Erionef's Jewellery Emporium.
 67526 | Depths:2 | Found a white marble altar of Elyvilon.
 67546 | Depths:2 | Found a one-way gate leading to the halls of Pandemonium.
 67547 | Depths:2 | Gained mutation: You sometimes lose the ability to read
                  | scrolls when taking damage. [a neqoxec]
 67817 | Depths:2 | Found Unni's Jewellery Emporium.
 67984 | Depths:2 | Found Ecwu's Jewellery Boutique.
 68234 | Depths:2 | Noticed a juggernaut
 68242 | Depths:2 | Killed a juggernaut
 68673 | Depths:2 | Got Jeosex's Volume of Battle Magic
 69830 | Depths:3 | Reached XP level 22. HP: 144/151 MP: 41/42
 71550 | Depths:4 | Entered Level 4 of the Depths
 71936 | Depths:4 | Found Tynac's Book Shop.
 71949 | Depths:4 | Reached skill level 22 in Earth Magic
 72193 | Depths:4 | Noticed a juggernaut
 72199 | Depths:4 | Noticed a caustic shrike
 72200 | Depths:4 | Killed a juggernaut
 72204 | Depths:4 | Noticed a caustic shrike
 72204 | Depths:4 | Noticed a caustic shrike
 72208 | Depths:4 | Noticed a caustic shrike
 72208 | Depths:4 | Noticed a caustic shrike
 72219 | Depths:3 | Slain by a caustic shrike

Illustrated notes

Levels and vault maps discovered:
D:1:      minmay_arrival_widening_spiral_narrow, layout_basic,
          hellmonk_ecumenical_altar_arch_garden
D:2:      layout_basic, nicolae_shop_unique_rings,
          amcnicky_mini_corridor_feature, grunt_ministairs_15, minmay_hedge_maze
D:3:      layout_loops_corners, trog_three_pillars_becter, dk_noncrumbling_3,
          uniq_grinder
D:4:      layout_gridville
D:5:      layout_rooms, portal_sewer_entry_f, serial_glass, glass_columns_a,
          glass_columns_c, glass_columns_c, glass_columns_a, glass_columns_a,
          feat_on_display, uniq_eustachio
D:6:      layout_basic, minmay_temple_entry_enclosed_plants
D:7:      minmay_opposing_rooms, layout_basic, serial_shops, shop,
          minmay_misc_feat_cross, uniq_joseph
D:8:      layout_basic
D:9:      minmay_tri_box, layout_loops_ring, minmay_orc_entry_temple_small,
          nicolae_shop_fire_sale [nicolae_sub_dead_trees], hex_tiny,
          minmay_circle_x, uniq_erica
D:10:     nzn_winding_woodlands_three_and_one [nzn_winding_woodlands_5x15_twine,
          nzn_winding_woodlands_5x15_longhouse,
          nzn_winding_woodlands_5x15_pockets,
          nzn_winding_woodlands_center_lodge], layout_grid_maze
D:11:     layout_long_grid, erik_lair_orcish_takeover, serial_bayou_lagoon_b
D:12:     minmay_shoctagon, layout_rooms, uniq_fannar
D:13:     minmay_tearing_corner, layout_loops_ring, david_vaults_1,
          hangedman_cracks_in_the_wall, uniq_kirke
D:14:     layout_loops_ring, grunt_decor_fettered
D:15:     hangedman_depths_entry_civil_slaughter, layout_long_grid,
          nicolae_shop_clearance
Temple:   mainiacjoe_temple_archimedes_tessellation
Lair:1:   layout_loops_ring, grunt_megastairs_5, serial_bayou_shore_a
Lair:2:   layout_regular_city, st_stairs_5, evilmike_ambush
          [evilmike_ambush_outer_basic, evilmike_ambush_inner_wall_2],
          grunt_megastairs_4
Lair:3:   layout_hall_layers, minmay_shoals_entry_lonely_mermaid,
          guppyfry_snake_entry_island
Lair:4:   layout_hall_layers
Lair:5:   minmay_lair_venomous_thicket, layout_small_grid, basic_altar,
          st_stairs_10
Lair:6:   minmay_lair_end_enchanted_forest, layout_regular_city,
          minmay_slime_entry_eyes, portal_ice_cave_rime,
          bobbens_ice_dragon_lair, uniq_urug
Shoals:1: cheibrodos_shoals_satyrical_garden, layout_shoals, serial_shops,
          nicolae_shop_bloodbath_and_beyond
Shoals:2: layout_shoals, st_sunken_temple, uniq_polyphemus
Shoals:3: layout_shoals, uniq_bai_suzhen
Shoals:4: shoals_end_grunt_garden, layout_shoals, ebering_ghost_disaster_area
Snake:1:  layout_basic, serial_shops, nicolae_shop_statue_plus
Snake:2:  layout_misc_corridors, basic_altar, serial_shops,
          nicolae_shop_statue_plus, nicolae_shop_stone, minmay_shop_grove,
          grunt_megastairs_1
Snake:3:  layout_grid_maze, nicolae_snake_double_loop
Snake:4:  grunt_snake_rune_pools, layout_misc_corridors, serial_shops,
          nicolae_shop_window_shopping, nicolae_snake_dead_anacondas
Orc:1:    layout_caves, serial_shops, nicolae_shop_waterfront
Orc:2:    grunt_orc_community_town_hall, layout_caves,
          grunt_orc_community_big_house_1, grunt_orc_community_big_house_2,
          grunt_orc_community_house_2, grunt_orc_community_house_2,
          grunt_orc_community_house_2, grunt_orc_community_house_3,
          serial_shops, shop, basic_altar
Elf:1:    layout_loops_corners, basic_altar, minmay_elf_demonology,
          chequers_big_river
Elf:2:    nicolae_elf_blades_crystal_corner, layout_geoelf_grid,
          nicolae_elf_big_sculpture_2, grunt_ministairs_8, minivault_8
Elf:3:    minmay_elf_hall_dome, layout_gridlike, basic_altar
Depths:1: layout_cave_pools, enter_ziggurat_e, abyss_entry, hell_entry,
          xom_teletrap_fun, serial_shops, bzr_entry_safe, horrible_house_mu
Depths:2: minmay_broken_ring, layout_gridlike, grunt_pan_entry_sceptre,
          nicolae_wu_jian_wuxing_cycle, hell_entry, serial_shops,
          nicolae_shop_hallway_stairs,
          nicolae_shop_temple_entry_statues_fountains, kennysheep_little_box,
          shop, shop, nicolae_elyvilon_peaceful_grove
Depths:3: hangedman_crystal_crosses_colossus [crystal_crosses_arms_four,
          crystal_crosses_arms_four, crystal_crosses_arms_two,
          crystal_crosses_arms_one], hell_entry, abyss_entry
Depths:4: evilmike_zot_entry_diamond, layout_gridlike, serial_shops, shop,
          grunt_hell_horde

Skill      XL: |  1  2  3  4  5  6  7  8  9 10 11 12 13 14 15 16 17 18 19 20 21 22 |
---------------+-------------------------------------------------------------------+-----
Fighting       | 1 2 3 5 6 8 9 10 11 13 14 15 16 17 18 19 20 | 20.0
Earth Magic    | 4 5 7 8 9 11 12 13 14 15 16 17 18 19 20 21 22 | 22.0
Conjurations   | 1 2 3 5 6 7 9 10 11 13 14 15 16 17 18 19 20 | 20.1
Armour         | 1 2 3 4 5 6 7 8 9 10 11 12 13 14 | 14.5
Stealth        | 3 4 5 |  5.0
Spellcasting   | 3 4 6 7 8 9 10 11 12 13 14 15 16 17 | 17.3
Dodging        | 2 |  2.0
Shields        | 1 3 5 6 8 9 10 | 10.0
Transmutations | |  0.7

Action                   |  1- 3 |  4- 6 |  7- 9 | 10-12 | 13-15 | 16-18 | 19-21 | 22-24 || total
-------------------------+-------+-------+-------+-------+-------+-------+-------+-------++-------
Melee: Dagger            |   103 |    70 |       |       |       |       |       |       ||   173
       Unarmed           |     2 |       |       |       |       |       |       |       ||     2
       Punch             |     1 |     1 |       |     1 |       |       |       |       ||     3
       Battleaxe         |       |     9 |   131 |    13 |       |       |       |       ||   153
       Short sword       |       |       |       |    50 |       |       |       |       ||    50
       Long sword        |       |       |       |    53 |    42 |     7 |       |       ||   102
       War axe           |       |       |       |       |       |     6 |    37 |       ||    43
       Katana            |       |       |       |       |       |       |       |    15 ||    15
 Cast: Sandblast         |    30 |    12 |    37 |    51 |     6 |     1 |    11 |     2 ||   150
       Stone Arrow       |       |     4 |    66 |   311 |   741 |   708 |   555 |     6 ||  2391
       Iskenderun's Batt |       |       |       |     9 |   128 |   142 |   122 |     1 ||   402
       Iron Shot         |       |       |       |       |    28 |    81 |   376 |    36 ||   521
       Lee's Rapid Decon |       |       |       |       |       |    13 |   124 |    68 ||   205
       Orb of Destructio |       |       |       |       |       |       |     1 |     2 ||     3
Evoke: Wand              |       |       |       |     4 |       |     4 |     1 |     3 ||    12
       Lightning rod     |       |       |       |       |     1 |       |       |       ||     1
  Use: Scroll            |     1 |     5 |     8 |     8 |     8 |     5 |     3 |       ||    38
       Potion            |       |       |     2 |     4 |     3 |     9 |     5 |     5 ||    28
 Stab: Sleeping          |     5 |     1 |     3 |     1 |       |       |       |       ||    10
Armor: Robe              |    26 |    26 |    45 |       |    27 |       |       |       ||   124
       Leather armour    |       |       |    59 |       |       |       |       |       ||    59
       Steam dragon scal |       |       |    75 |   179 |   329 |    98 |       |       ||   681
       Chain mail        |       |       |       |       |       |   258 |   593 |    57 ||   908
Dodge: Dodged            |    43 |    30 |   130 |   177 |   253 |   151 |   201 |    17 ||  1002
Block: Kite shield       |       |       |       |       |   101 |   344 |   671 |    45 ||  1161
       Reflection        |       |       |       |       |       |    70 |    81 |     1 ||   152
